 Dungeon Crawl Stone Soup version 0.31.0-12-g77e489cdc1 (webtiles) character file.

Game seed: 16268062361118768525

2722 Ijustatesigmund the Destroyer (level 9, -1/66 HPs)
             Began as a Gnoll Conjurer on Feb 27, 2024.
             Slain by a yak (8 damage)
             ... on level 7 of the Dungeon.
             The game lasted 00:13:26 (8351 turns).

Ijustatesigmund the Destroyer (Gnoll Conjurer)      Turns: 8351, Time: 00:13:26

Health: -1/66      AC:  3    Str:  7    XL:     9   Next: 66%
Magic:  8/19       EV: 13    Int: 22    God:
Gold:   427        SH:  9    Dex: 10    Spells: 14/21 levels left

rFire   . . .        n - +3 trident (vamp)
rCold   + . .        f - +0 buckler
rNeg    + + .        a - +0 robe
rPois   .            (no helmet)
rElec   .            o - +0 cloak
rCorr   .            (no gloves)
SInv    .            (no boots)
Will    .....        i - amulet "Neaqess" {Reflect rN++ SH+5}
Stlth   +++          s - ring of flight
HPRegen 0.31/turn    v - ring of protection from cold
MPRegen 0.16/turn

%: reflection
@: flying, very slightly contaminated, hasted, very quick
A: fangs 1, strong nose, distributed training
a: no special abilities


You were on level 7 of the Dungeon.
You visited 2 branches of the dungeon, and saw 8 of its levels.
You also visited: Sewer.

You collected 427 gold pieces.

Inventory:

Hand Weapons
 c - a +2 flail of protection
 n - a +3 vampiric trident (weapon)
Armour
 a - a +0 robe (worn)
 f - a +0 buckler (worn)
 o - a +0 cloak (worn)
Jewellery
 i - the amulet "Neaqess" (around neck) {Reflect rN++ SH+5}
   (You acquired it on level 6 of the Dungeon)

   [amulet of reflection]

   Reflect:   It reflects blocked missile attacks.
   rN++:      It greatly protects you from negative energy.
   SH+5:      It affects your SH (+5).
 s - a ring of flight (left hand)
 v - a ring of protection from cold (right hand)
 A - an amulet of regeneration
Wands
 r - a wand of roots (12)
 w - a wand of quicksilver (11)
 y - a wand of flame (1)
Scrolls
 p - a scroll of noise {unknown}
 q - a scroll of poison {unknown}
 t - a scroll of amnesia {unknown}
 u - a scroll of teleportation
 z - a scroll of blinking {unknown}
 B - a scroll of revelation {unknown}
Potions
 b - a potion of magic
 d - a potion of resistance
 e - 2 potions of mutation
 g - 2 potions of enlightenment
 h - 2 potions of haste
 j - a potion of invisibility
 k - 2 potions of berserk rage
 l - 2 potions of cancellation
 m - 2 potions of heal wounds {unknown}
 x - 2 potions of curing {unknown}


   Skills:
 + Level 4.6 Fighting
 + Level 4.6 Short Blades
 + Level 4.6 Long Blades
 + Level 4.6 Axes
 + Level 4.6 Maces & Flails
 + Level 4.6 Polearms
 + Level 4.6 Staves
 + Level 4.6 Ranged Weapons
 + Level 4.6 Throwing
 + Level 4.6 Armour
 + Level 6.6 Dodging
 + Level 6.3 Stealth
 + Level 4.6 Shields
 + Level 4.6 Unarmed Combat
 + Level 6.9 Spellcasting
 + Level 8.1 Conjurations
 + Level 3.8 Hexes
 + Level 3.8 Summonings
 + Level 3.8 Necromancy
 + Level 3.8 Translocations
 + Level 3.8 Fire Magic
 + Level 3.8 Ice Magic
 + Level 3.8 Air Magic
 + Level 3.8 Earth Magic
 + Level 3.8 Alchemy
 + Level 5.1 Invocations
 + Level 4.6 Evocations
 + Level 4.2 Shapeshifting


You had 14 spell levels left.
You knew the following spells:

 Your Spells              Type           Power      Damage    Failure   Level
a - Magic Dart            Conj           100%       1d8       1%          1
b - Searing Ray           Conj           86%        2d7       1%          2
c - Iskenderun's Mystic   Conj/Tloc      34%        2d8       11%         4

Your spell library contained the following spells:

 Spells                   Type           Power      Damage    Failure   Level
 Hailstorm                Conj/Ice       34%        3d8       3%          3
 Ensorcelled Hibernation  Hex/Ice        48%        N/A       4%          2
 Lesser Beckoning         Tloc           48%        N/A       4%          2
 Passwall                 Erth           24%        N/A       8%          3
 Summon Ice Beast         Ice/Summ       24%        N/A       8%          3
 Swiftness                Air            24%        N/A       8%          3
 Fulminant Prism          Conj/Alch      17%        3d10      11%         4
 Sculpt Simulacrum        Ice/Alch       12%        N/A       99%         6


Dungeon Overview and Level Annotations

Branches:
Dungeon (7/15)             Temple (1/1) D:5           Sewer (visited)

Altars:
Ashenzari
Dithmenos
Fedhas
Gozag
Hepliaklqana
Kikubaaqudgha
Makhleb
Nemelex Xobeh
Okawaru
Qazlal
Ru
Sif Muna
Trog
Uskayaw
Wu Jian
Xom
Yredelemnul
Zin
The Shining One

Shops:
D:2 (   D:5 (


Innate Abilities, Weirdness & Mutations

You have very sharp teeth.
Your uncanny sense of smell can sniff out nearby items.
Your experience applies equally to all skills.


Message History

You are too injured to fight recklessly!
You are too injured to fight recklessly!
You are too injured to fight recklessly!
You are too injured to fight recklessly!
You are too injured to fight recklessly!
Okay, then.
You hit the yak. You bite the yak.
The yak is heavily wounded.
The boulder beetle stops rolling and uncurls.
The yak gores you! The yak barely misses you.
Casting: Magic Dart (safe; 1% risk of failure)
Confirm with . or Enter, or press ? or * to list all spells.
You erupt in a blast of force!
The mystic blast hits the yak.
The yak is almost dead.
The yak is knocked back by the mystic blast.
The yak collides with the yak!
The yak is lightly wounded.
The mystic blast hits the yak.
The yak is severely wounded.
The yak is knocked back by the mystic blast.
The yak collides with the yak!
The yak is almost dead.
The yak is severely wounded.
Casting: Iskenderun's Mystic Blast (dangerous; 11% risk of failure)
Confirm with . or Enter, or press ? or * to list all spells.
You erupt in a blast of force!
The mystic blast hits the yak!
You kill the yak!
The mystic blast hits the yak!
The yak is almost dead.
The yak is knocked back by the mystic blast.
The boulder beetle leaps!
Casting: Iskenderun's Mystic Blast (dangerous; 11% risk of failure)
Confirm with . or Enter, or press ? or * to list all spells.
You miscast Iskenderun's Mystic Blast.
You are very lightly contaminated with residual magic.
Nothing appears to happen.
You block the boulder beetle's attack. The boulder beetle bites you!
* * * LOW HITPOINT WARNING * * *
You feel yourself speed up. The yak gores you!
You die...

#.......... ∆ #..#
...#.#
###..####.#.########
........#...........
#.......#<........
###.....#.#......#<#
#.#............#.#.#
#)##.##......#.#.#.#
#BY@.##.#.##.#.#.#.#
#Y#####.#.##.#.#.#.#
#.# ##############
#Y# Y.# ..# ##.. ###


You could see a boulder beetle and 2 yaks.

Vanquished Creatures
  Pikel (D:6)
  Jeremiah (D:6)
  A hornet (D:4)
  A yak (D:7)
  Edmund (D:5)
  A water moccasin (D:6)
  A black bear (D:6)
  A sky beast (D:6)
  2 ice beasts
  A crocodile (Sewer)
  An ogre (D:4)
  A centaur (D:7)
  A phantom (D:5)
  3 lemures (D:6)
  A brain worm (Sewer)
  A scorpion (D:5)
  A bombardier beetle (D:4)
  A gnoll bouda (D:6)
  Crazy Yiuf (D:3)
  2 hounds
  A sleepcap (D:6)
  Jessica (D:2)
  4 iguanas
  Natasha (twice) (D:4)
  2 orc wizards
  6 gnolls
  8 adders
  A shadow imp (D:5)
  2 ufetubi (D:5)
  4 dart slugs
  13 orcs
  7 bats
  8 endoplasms
  4 giant cockroaches
  4 goblins
  3 hobgoblins
  3 jackals (D:2)
  A quokka (D:3)
  5 ball pythons
  12 frilled lizards
  7 kobolds
  4 rats
126 creatures vanquished.

Notes
Turn   | Place    | Note
-------+----------+-------------------------------------------
     0 | D:1      | Ijustatesigmund the Gnoll Conjurer began the quest for the
                  | Orb.
     0 | D:1      | Reached XP level 1. HP: 13/13 MP: 6/6
   343 | D:1      | Got the Octavo of the Cursed Blink Frog
   488 | D:1      | Reached XP level 2. HP: 19/19 MP: 4/7
  1136 | D:2      | Reached skill level 5 in Spellcasting
  1136 | D:2      | Reached XP level 3. HP: 25/25 MP: 1/9
  1292 | D:2      | Reached skill level 1 in Invocations
  1690 | D:2      | Reached skill level 1 in Fighting
  1690 | D:2      | Reached skill level 1 in Short Blades
  1690 | D:2      | Reached skill level 1 in Long Blades
  1690 | D:2      | Reached skill level 1 in Axes
  1690 | D:2      | Reached skill level 1 in Maces & Flails
  1690 | D:2      | Reached skill level 1 in Polearms
  1690 | D:2      | Reached skill level 1 in Staves
  1690 | D:2      | Reached skill level 1 in Ranged Weapons
  1690 | D:2      | Reached skill level 1 in Throwing
  1690 | D:2      | Reached skill level 1 in Armour
  1690 | D:2      | Reached skill level 1 in Shields
  1690 | D:2      | Reached skill level 1 in Unarmed Combat
  1690 | D:2      | Reached skill level 1 in Evocations
  1716 | D:2      | Found a glowing golden altar of the Shining One.
  1819 | D:2      | Found Wopet's Antique Weapon Boutique.
  1913 | D:2      | Reached skill level 1 in Shapeshifting
  1913 | D:2      | Reached XP level 4. HP: 32/32 MP: 8/11
  1943 | D:2      | Noticed Jessica
  1947 | D:2      | Killed Jessica
  1948 | D:2      | Reached skill level 1 in Hexes
  1948 | D:2      | Reached skill level 1 in Summonings
  1948 | D:2      | Reached skill level 1 in Necromancy
  1948 | D:2      | Reached skill level 1 in Translocations
  1948 | D:2      | Reached skill level 1 in Fire Magic
  1948 | D:2      | Reached skill level 1 in Ice Magic
  1948 | D:2      | Reached skill level 1 in Air Magic
  1948 | D:2      | Reached skill level 1 in Earth Magic
  1948 | D:2      | Reached skill level 1 in Alchemy
  2020 | D:2      | Learned a level 2 spell: Searing Ray
  2025 | D:2      | Learned a level 4 spell: Iskenderun's Mystic Blast
  2296 | D:3      | Reached XP level 5. HP: 37/37 MP: 7/12
  2810 | D:3      | Found a sacrificial altar of Ru.
  2903 | D:3      | Found a shadowy altar of Dithmenos.
  3089 | D:3      | Found a runed translucent door.
  3090 | D:3      | Noticed Crazy Yiuf
  3096 | D:3      | Killed Crazy Yiuf
  3265 | D:4      | Noticed an ogre
  3276 | D:4      | Found a glowing drain.
  3278 | Sewer    | Entered a sewer
  3433 | Sewer    | Reached XP level 6. HP: 44/44 MP: 5/14
  3608 | Sewer    | Reached skill level 5 in Dodging
  3958 | D:4      | Reached XP level 7. HP: 50/50 MP: 9/15
  4240 | D:4      | Noticed Natasha
  4246 | D:4      | Killed Natasha
  4344 | D:4      | Found a broken altar of Ashenzari.
  4371 | D:4      | Found a glowing golden altar of the Shining One.
  4373 | D:4      | Found a glowing silver altar of Zin.
  4424 | D:4      | Found an ancient bone altar of Kikubaaqudgha.
  4461 | D:4      | Noticed a hornet
  4469 | D:4      | Killed a hornet
  4470 | D:4      | Reached skill level 5 in Stealth
  5083 | D:4      | Found a hide-covered altar of Uskayaw.
  5100 | D:4      | Noticed Natasha
  5107 | D:4      | Killed Natasha
  5145 | D:5      | Entered Level 5 of the Dungeon
  5179 | D:5      | Reached XP level 8. HP: 58/58 MP: 10/16
  5219 | D:5      | Found Ocrocweimm's Weapon Boutique.
  5670 | D:5      | Noticed Edmund
  5681 | D:5      | Killed Edmund
  6313 | D:5      | Found a staircase to the Ecumenical Temple.
  6320 | Temple   | Entered the Ecumenical Temple
  6358 | D:6      | Noticed Jeremiah
  6546 | D:6      | Killed Jeremiah
  6715 | D:6      | Found a stormy altar of Qazlal.
  7157 | D:6      | Reached XP level 9. HP: 65/65 MP: 16/18
  7623 | D:6      | Reached skill level 8 in Conjurations
  7972 | D:6      | Noticed Pikel
  7994 | D:6      | Killed Pikel
  7995 | D:6      | Reached skill level 5 in Invocations
  8167 | D:6      | Identified a scroll of acquirement
  8167 | D:6      | Acquired the amulet "Neaqess" {Reflect rN++ SH+5}
  8292 | D:7      | Found a shimmering blue altar of Sif Muna.
  8336 | D:7      | Noticed a boulder beetle
  8351 | D:7      | Slain by a yak

Illustrated notes

Levels and vault maps discovered:
D:1:      dpeg_arrival_shrine, layout_loops_ring, serial_glass, glass_columns_a,
          glass_columns_a, glass_columns_b, glass_columns_a, glass_columns_a,
          glass_columns_b, glass_columns_a, glass_columns_a, feat_on_display,
          minmay_strange_pillars, nrook_campfire, reono_crystal_passage
D:2:      layout_loops_ring, basic_altar, serial_shops,
          nicolae_shop_advertising_works [nicolae_subvault_shop_adworks],
          uniq_jessica
D:3:      layout_basic, nicolae_dithmenos_shadow_blocks,
          mainiacjoe_overflow_cross_hatched, grunt_ministairs_3,
          hangedman_decor_push, serial_bayou_lake_a, uniq_crazy_yiuf_cottage
D:4:      layout_basic, mainiacjoe_overflow_small_starburst,
          grunt_temple_overflow_open, nicolae_uskayaw_suspiria,
          portal_sewer_entry_d, minmay_lizard_king, uniq_natasha
D:5:      layout_basic, minmay_temple_entry_enclosed_plants,
          kennysheep_another_room, nicolae_stop_n_shop_1, uniq_edmund
D:6:      layout_basic, mainiacjoe_overflow_six_doors_small, uniq_pikel,
          uniq_jeremiah
D:7:      layout_basic, mainiacjoe_overflow_chevrons, minmay_liquid_box,
          minmay_misc_feat_cross, wad_rectangle_vault
Temple:   hellmonk_temple_beads

Skill      XL: |  1  2  3  4  5  6  7  8  9 |
---------------+----------------------------+-----
Spellcasting   | 5 6 |  6.9
Invocations    | 1 2 3 4 5 |  5.1
Fighting       | 1 2 3 4 |  4.6
Short Blades   | 1 2 3 4 |  4.6
Long Blades    | 1 2 3 4 |  4.6
Axes           | 1 2 3 4 |  4.6
Maces & Flails | 1 2 3 4 |  4.6
Polearms       | 1 2 3 4 |  4.6
Staves         | 1 2 3 4 |  4.6
Ranged Weapons | 1 2 3 4 |  4.6
Throwing       | 1 2 3 4 |  4.6
Armour         | 1 2 3 4 |  4.6
Shields        | 1 2 3 4 |  4.6
Unarmed Combat | 1 2 3 4 |  4.6
Evocations     | 1 2 3 4 |  4.6
Shapeshifting  | 1 2 3 4 |  4.2
Hexes          | 1 2 3 |  3.8
Summonings     | 1 2 3 |  3.8
Necromancy     | 1 2 3 |  3.8
Translocations | 1 2 3 |  3.8
Fire Magic     | 1 2 3 |  3.8
Ice Magic      | 1 2 3 |  3.8
Air Magic      | 1 2 3 |  3.8
Earth Magic    | 1 2 3 |  3.8
Alchemy        | 1 2 3 |  3.8
Dodging        | 5 6 |  6.6
Stealth        | 5 6 |  6.3
Conjurations   | 8 |  8.1

Action                     |  1- 3 |  4- 6 |  7- 9 || total
---------------------------+-------+-------+-------++-------
  Melee: War axe           |       |     5 |       ||     5
         Bite              |       |     2 |    11 ||    13
         Quarterstaff      |       |     9 |    38 ||    47
         Flail             |       |       |    34 ||    34
         Trident           |       |       |    59 ||    59
   Cast: Magic Dart        |    58 |    61 |    89 ||   208
         Searing Ray       |       |     5 |    25 ||    30
         Iskenderun's Myst |       |       |     7 ||     7
    Use: Scroll            |       |     6 |     6 ||    12
         Potion            |       |       |     1 ||     1
   Stab: Petrifying        |       |       |     2 ||     2
         Sleeping          |       |       |     2 ||     2
 Armour: Robe              |     2 |    13 |    96 ||   111
  Dodge: Dodged            |     1 |    31 |    86 ||   118
  Block: Buckler           |       |       |    19 ||    19
         Reflection        |       |       |     2 ||     2
